 Dungeon Crawl Stone Soup version 0.30-a0-772-g5528072125 (webtiles) character file.

Game seed: 17621338808391010848

9 omnomnOMINOUS the Grasshopper (level 2, 0/18 HPs)
             Began as an Octopode Wanderer on Feb 12, 2023.
             Killed from afar by a dart slug (4 damage)
             ... with a slug dart
             ... on level 1 of the Dungeon.
             The game lasted 00:01:16 (160 turns).

omnomnOMINOUS the Grasshopper (Octopode Wanderer)    Turns: 160, Time: 00:01:16

Health: 0/18       AC:  1    Str: 11    XL:     2   Next: 16%
Magic:  5/5        EV: 12    Int: 13    God:
Gold:   5          SH:  0    Dex: 12    Spells: 5/5 levels left

rFire   . . .      SeeInvis .    a - +0 whip
rCold   . . .      Faith    .    (no shield)
rNeg    . . .      Spirit   .    (helmet restricted)
rPois   .          Reflect  .    (no amulet)
rElec   .          Harm     .    (no ring)
rCorr   .          Rampage  .    (no ring)
Will    .....                    (no ring)
Stlth   ++                       (no ring)
HPRegen 0.23/turn                (no ring)
MPRegen 0.09/turn                (no ring)
                                 (no ring)
                                 (no ring)

@: no status effects
A: almost no armour, amphibious, 8 rings, camouflage 1, gelatinous body 1,
(nimble swimmer 1), tentacles
a: no special abilities


You were on level 1 of the Dungeon.
You visited 1 branch of the dungeon, and saw 1 of its levels.

You collected 5 gold pieces.

Inventory:

Hand Weapons
 a - a +0 whip (weapon)
Scrolls
 b - a scroll of fear
 d - a scroll of identify {unknown}
Miscellaneous
 c - a piece from Xom's chessboard (15/15) (quivered)


   Skills:
 + Level 1.3 Fighting
 + Level 0.6 Dodging
 + Level 2.1 Spellcasting
 - Level 3.0 Translocations
 + Level 1.3 Earth Magic
 - Level 1.0 Invocations
 - Level 2.1 Evocations


You had 5 spell levels left.
You didn't know any spells.
Your spell library contained the following spells:

 Spells                   Type           Power      Damage    Failure   Level
 Apportation              Tloc           18%        N/A       8%          1
 Sandblast                Erth           8%         2d5       14%         1
 Portal Projectile        Hex/Tloc       10%        N/A       38%         3
 Stone Arrow              Conj/Erth      6%         3d7       50%         3
 Manifold Assault         Tloc           9%         N/A       58%         4


Dungeon Overview and Level Annotations

Branches:
Dungeon (1/15)

Altars:


Innate Abilities, Weirdness & Mutations

You cannot wear most types of armour.
You are amphibious.
You can wear up to eight rings at the same time.
Your skin changes colour to match your surroundings (Stealth+).
Your rubbery body absorbs attacks. (AC +1, EV +1)
((You are camouflaged when in or above water. (Stealth+)))
You have tentacles for arms and can constrict up to eight enemies at once.


Message History

A kobold comes into view. It is wielding a +0 whip.
The kobold throws a stone.
The stone hits you.
A jackal comes into view.
The kobold throws a stone.
The stone hits you.
The kobold throws a stone.
The stone hits you.
You start resting.
HP restored.
A kobold comes into view. It is wielding a +0 club.
The kobold shouts!
A rat comes into view.
The kobold throws a stone.
The stone completely misses you.
A dart slug comes into view.
A kobold comes into view. It is wielding a +0 club.
The kobold hits you with a +0 club.
The kobold shouts!
You hit the kobold. Your grab misses the kobold.
The kobold is severely wounded.
The kobold barely misses you.
You hit the kobold.
You kill the kobold!
The dart slug launches a dart at you. The slug dart hits you.
The rat bites you.
You are too injured to fight recklessly!
You are too injured to fight recklessly!
You are too injured to fight recklessly!
You are too injured to fight recklessly!
You are too injured to fight recklessly!
You are too injured to fight recklessly!
You are too injured to fight recklessly!
You hit the rat.
You kill the rat!
The dart slug launches a dart at you. The slug dart misses you.
You closely miss the kobold. Your grab misses the kobold.
Your squeeze misses the kobold. The kobold hits you with a +0 club.
* * * LOW HITPOINT WARNING * * *
The dart slug launches a dart at you. The slug dart hits you.
You die...

#### .... ### .....
##### #.# .....
....##### ##.# ......
........###..#####......
........##...##.........
####............@K......
#....#.#.....)....... #
#..)...#..##...w.....
####....#....######...##
...##.#.#.#### ...#
...##..)..# ..#
...####...# ## ...#
#....# ...# #....#


You could see a dart slug and a kobold.

Vanquished Creatures
  An endoplasm (D:1)
  A giant cockroach (D:1)
  A jackal (D:1)
  A quokka (D:1)
  2 goblins (D:1)
  2 kobolds (D:1)
  A rat (D:1)
9 creatures vanquished.

Notes
Turn   | Place    | Note
-------+----------+-------------------------------------------
     0 | D:1      | omnomnOMINOUS the Octopode Wanderer began the quest for the
                  | Orb.
     0 | D:1      | omnomnOMINOUS set off with the following items: a +0
                  | dagger, a scroll of fear, a piece from Xom's chessboard
                  | (15/15); and the following spells available to memorise:
                  | Apportation, Sandblast, Portal Projectile, Stone Arrow,
                  | Manifold Assault.
     0 | D:1      | Reached XP level 1. HP: 13/13 MP: 3/3
    75 | D:1      | Reached XP level 2. HP: 4/18 MP: 5/5
   160 | D:1      | Killed from afar by a dart slug

Illustrated notes

Levels and vault maps discovered:
D:1:      wander_arrival_lonely_grave, layout_rooms, serial_shops,
          nicolae_shop_hallway_plus

Action                     || total
---------------------------++-------
  Melee: Whip              ||    12
         Dagger            ||     6
         Constrict         ||     5
         Tentacles         ||     3
  Evoke: Piece from Xom's  ||     1
 Armour: Skin              ||     1
  Dodge: Dodged            ||     6

Table legend: (Time is in decaauts)
 A = Elapsed time spent in this place.
 B = Non-inter-level travel time spent in this place.
 C = Inter-level travel time spent in this place.
 D = Time resting spent in this place.
 E = Time spent auto-exploring this place.
 F = Levels seen in this place.
 G = Mean time per level.
                   A        B        C        D        E       F      G
               +--------+--------+--------+--------+--------+-----+--------+
         Total |    160 |    160 |      0 |     58 |     18 |   1 |  160.0 |
       Dungeon |    160 |    160 |      0 |     58 |     18 |   1 |  160.0 |
               +--------+--------+--------+--------+--------+-----+--------+

Top non-repeatable levels by time:
     D:1: 160 daAuts
